 Dungeon Crawl Stone Soup version 0.29.0-4-gdea44cf6ec (webtiles) character file.

Game seed: 9230424202817050918

67 qw the Ruffian (level 4, -1/35 HPs)
             Began as a Ghoul Fire Elementalist on Aug 29, 2022.
             Slain by a crimson imp
             ... wielding a +2 dagger of chaos
              (17 damage)
             ... on level 3 of the Dungeon.
             The game lasted 00:02:10 (2597 turns).

qw the Ruffian (Ghoul Fire Elementalist)            Turns: 2597, Time: 00:02:11

Health: -1/35      AC: 11    Str: 13    XL:     4   Next: 16%
Magic:  5/5        EV:  6    Int: 10    God:
Gold:   102        SH:  0    Dex:  9    Spells: 5/6 levels left

rFire   . . .      SeeInvis .     - Unarmed
rCold   + . .      Faith    .   (no shield)
rNeg    + + +      Spirit   .   a - +0 chain mail
rPois   inf        Reflect  .   (no helmet)
rElec   .          Harm     .   g - +0 cloak
rCorr   .          Rampage  .   c - +1 pair of gloves
Will    +....                   (no boots)
Stlth   ..........              (no amulet)
HPRegen 0.00/turn               f - ring of willpower
MPRegen 0.09/turn               (no ring)

@: inhibited regen, hasted, very quick
A: claws 1, cold resistance 1, negative energy resistance 3, inhibited
regeneration, torment resistance 2, devour on kill
a: no special abilities


You were on level 3 of the Dungeon.
You visited 1 branch of the dungeon, and saw 3 of its levels.

You collected 102 gold pieces.


Innate Abilities, Weirdness & Mutations

You are immune to poison.
You have sharp fingernails.
Your flesh is cold resistant. (rC+)
You are immune to negative energy. (rN+++)
You do not regenerate when monsters are visible.
You are immune to unholy pain and torment.
You thrive by killing the living.


   Skills:
 - Level 1.0 Fighting
 - Level 1.2 Armour
 - Level 1.7 Dodging
 - Level 2.1 Stealth
 + Level 3.2 Unarmed Combat
 - Level 1.7 Spellcasting
 - Level 0.7 Conjurations
 - Level 2.4 Fire Magic


You had 5 spell levels left.
You knew the following spells:

 Your Spells              Type           Power      Damage    Failure   Level
a - Foxfire               Conj/Fire      16%        2x1d4     99%         1

Your spell library contained the following spells:

 Spells                   Type           Power      Damage    Failure   Level
 Scorch                   Fire           10%        2d6       99%         2
 Conjure Flame            Conj/Fire      4%         6-21      100%        3
 Inner Flame              Hex/Fire       3%         N/A       100%        3
 Flame Wave               Conj/Fire      4%         2d5       100%        4

Inventory:

Armour
 a - a +0 chain mail (worn)
 c - a +1 pair of gloves (worn)
 g - a +0 cloak (worn)
 k - a +0 buckler
Jewellery
 f - a ring of willpower (left hand)
 i - an amulet of magic regeneration
Scrolls
 d - 5 scrolls of identify {unknown}
 h - a scroll of noise {unknown}
 l - a scroll of fear {unknown}
Potions
 b - a potion of mutation {unknown}
 e - a potion of brilliance {unknown}
 j - a potion of attraction {unknown}

Dungeon Overview and Level Annotations

Branches:
Dungeon (3/15)

Altars:
Makhleb
Nemelex Xobeh
Wu Jian
Xom

Shops:
D:2 (=

Annotations:
D:3 1 runed translucent door, Crazy Yiuf


Message History

The crimson imp is heavily wounded.
You barely miss the crimson imp.
The crimson imp is heavily wounded.
The crimson imp barely misses you.
You hit the crimson imp.
The crimson imp is heavily wounded.
You hit the crimson imp but do no damage.
The crimson imp is heavily wounded.
The crimson imp hits you but does no damage.
You resist with almost no effort.
You closely miss the crimson imp.
The crimson imp is heavily wounded.
The crimson imp blinks!
You hit the crimson imp.
The crimson imp is moderately wounded.
You hit the crimson imp.
The crimson imp is heavily wounded.
The crimson imp blinks!
2581 ||| Stepping ~*~*~tactically~*~*~ (hiding).
There is an open door here.
You start resting.
You feel a little less agile now.
A crimson imp is nearby!
2586 ||| Stepping ~*~*~tactically~*~*~ (hiding).
You start resting.
A crimson imp is nearby!
You barely miss the crimson imp.
The crimson imp hits you with a +2 dagger of chaos.
You hit the crimson imp.
The crimson imp is lightly wounded.
You hit the crimson imp.
The crimson imp is heavily wounded.
The crimson imp hits you but does no damage.
You closely miss the crimson imp.
The crimson imp is moderately wounded.
You hit the crimson imp but do no damage.
The crimson imp is moderately wounded.
The crimson imp hits you with a +2 dagger of chaos.
Space warps horribly around you!
You die...

##.......## #.#.#
#.5.......# #.#.#
#.........### #.#.#
#...........###.#.#
#....5....#.......##
#..........####.....
##.......#.# #.#.##
#####...##.## #.#.##
#_.@#..###..###.....
#...5.## ##.........
#_..### #.........
##### #.........
#.........
#.........
#######........#
#.<............#
#######.........


You could see a crimson imp.

Vanquished Creatures
  2 adders
  A worm (D:2)
  A dart slug (D:3)
  2 endoplasms (D:1)
  5 giant cockroaches
  6 goblins
  5 hobgoblins (D:1)
  7 quokkas
  2 bats (D:3)
  A frilled lizard (D:2)
  4 kobolds
  3 rats
39 creatures vanquished.

Notes
Turn   | Place    | Note
-------+----------+-------------------------------------------
     0 | D:1      | qw the Ghoul Fire Elementalist began the quest for the Orb.
     0 | D:1      | Reached XP level 1. HP: 14/14 MP: 2/2
     0 | D:1      | 0 ||| qw: Version: 0.1-a-90-g952f4b7
     0 | D:1      | 0 ||| qw: Game counter: 4215
     0 | D:1      | 0 ||| qw: Always use a shield: true
     0 | D:1      | 0 ||| qw: God list: Okawaru
     0 | D:1      | 0 ||| qw: Allow faded altars: false
     0 | D:1      | 0 ||| qw: Do Orc after D:15 true
     0 | D:1      | 0 ||| qw: Do second Lair branch before Depths: true
     0 | D:1      | 0 ||| qw: Lair rune preference: random
     0 | D:1      | 0 ||| qw: Plans: Normal
     0 | D:1      | 0 ||| PLANNING D:1-11
    48 | D:1      | 48 ||| Stepping ~*~*~tactically~*~*~ (outnumbered).
    57 | D:1      | HP: 3/14 [kobold/+0 short sword (3)]
   340 | D:1      | Reached skill level 1 in Unarmed Combat
   472 | D:1      | Reached skill level 1 in Fighting
   472 | D:1      | Reached XP level 2. HP: 17/23 MP: 3/3
   494 | D:1      | 494 ||| Stepping ~*~*~tactically~*~*~ (stealth).
   498 | D:1      | 498 ||| Stepping ~*~*~tactically~*~*~ (stealth).
   584 | D:1      | 584 ||| Stepping ~*~*~tactically~*~*~ (stealth).
   586 | D:1      | 586 ||| Stepping ~*~*~tactically~*~*~ (stealth).
   588 | D:1      | 588 ||| Stepping ~*~*~tactically~*~*~ (stealth).
   644 | D:1      | 644 ||| Stepping ~*~*~tactically~*~*~ (stealth).
   645 | D:1      | 645 ||| Stepping ~*~*~tactically~*~*~ (stealth).
   648 | D:1      | 648 ||| Stepping ~*~*~tactically~*~*~ (stealth).
   657 | D:1      | 657 ||| Stepping ~*~*~tactically~*~*~ (stealth).
   838 | D:1      | Reached skill level 2 in Unarmed Combat
  1017 | D:1      | Reached XP level 3. HP: 28/28 MP: 4/4
  1124 | D:1      | 1124 ||| UPGRADING to +1 pair of gloves.
  1129 | D:1      | 1129 ||| UPGRADING to +0 leather armour.
  1139 | D:1      | 1139 ||| DROPPING +0 robe.
  1140 | D:1      | 1140 ||| UPGRADING to +0 cloak.
  1145 | D:1      | 1145 ||| UPGRADING to +0 ring mail.
  1155 | D:1      | 1155 ||| DROPPING +0 leather armour.
  1156 | D:1      | 1156 ||| UPGRADING to ring of willpower.
  1157 | D:1      | 1157 ||| READING scroll labelled EXIESKU ZUSHRIA.
  1160 | D:1      | 1160 ||| DROPPING potion of magic.
  1265 | D:2      | Found a faded altar of an unknown god.
  1292 | D:2      | Found Rymirul's Jewellery Emporium.
  1305 | D:2      | 1305 ||| SHOPLISTING amulet of guardian spirit (390 gold,
                  | have 41).
  1305 | D:2      | 1305 ||| SHOPLISTING ring of ice (325 gold, have 41).
  1305 | D:2      | 1305 ||| SHOPLISTING ring of protection from cold (325
                  | gold, have 41).
  1305 | D:2      | 1305 ||| SHOPLISTING ring of resist corrosion (260 gold,
                  | have 41).
  1388 | D:2      | Reached skill level 3 in Unarmed Combat
  1405 | D:2      | Found Ucicw's Weapon Emporium.
  1855 | D:2      | 1855 ||| UPGRADING to +0 chain mail.
  1865 | D:2      | 1865 ||| DROPPING +0 ring mail.
  1866 | D:2      | 1866 ||| READING scroll labelled UPEHOU EZEICIL.
  1867 | D:2      | 1867 ||| READING scroll labelled EGOMET YRHOZA.
  1902 | D:3      | 1902 ||| Stepping ~*~*~tactically~*~*~ (stealth).
  1903 | D:3      | 1903 ||| Stepping ~*~*~tactically~*~*~ (stealth).
  1905 | D:3      | 1905 ||| STAIRDANCE
  1992 | D:3      | Found an ornate altar of the Wu Jian Council.
  2112 | D:3      | Reached XP level 4. HP: 33/35 MP: 5/5
  2247 | D:3      | Reached skill level 1 in Armour
  2300 | D:3      | Found a sparkling altar of Nemelex Xobeh.
  2329 | D:3      | Found a runed translucent door.
  2330 | D:3      | Noticed Crazy Yiuf
  2539 | D:3      | Found a burning altar of Makhleb.
  2539 | D:3      | Found a shimmering altar of Xom.
  2550 | D:3      | 2550 ||| Stepping ~*~*~tactically~*~*~ (hiding).
  2581 | D:3      | 2581 ||| Stepping ~*~*~tactically~*~*~ (hiding).
  2586 | D:3      | 2586 ||| Stepping ~*~*~tactically~*~*~ (hiding).
  2597 | D:3      | Slain by a crimson imp

Levels and vault maps discovered:
D:1:      dpeg_arrival_long_road, layout_rooms
D:2:      layout_rooms, serial_shops, shop, nicolae_shop_bloodbath_and_beyond,
          shapermc_ecumenical_altar_rom_forum, kennysheep_pointless_box,
          minmay_crystal_water, nicolae_elevator_lobby_plus
D:3:      layout_rooms, grunt_temple_overflow_champion_of_chaos,
          pdpol_wu_jian_five_deadly_venoms, lemuel_crystal_altar,
          uniq_crazy_yiuf_cottage

Skill      XL: |  1  2  3  4 |
---------------+-------------+-----
Unarmed Combat | 1 2 3 |  3.2
Fighting       | 1 |  1.0
Armour         | 1 |  1.2
Dodging        | |  1.7
Stealth        | |  2.1
Spellcasting   | |  1.7
Conjurations   | |  0.7
Fire Magic     | |  2.4

Action                   |  1- 3 |  4- 6 || total
-------------------------+-------+-------++-------
Melee: Unarmed           |   131 |    51 ||   182
       Punch             |     4 |     1 ||     5
Throw: Javelin           |    21 |       ||    21
  Use: Scroll            |     3 |       ||     3
Armor: Robe              |     5 |       ||     5
       Chain mail        |    27 |    31 ||    58
       Ring mail         |     4 |       ||     4
Dodge: Dodged            |    57 |    17 ||    74

Table legend:
 A = Non-vault XP
 B = Vault XP
 C = Vault XP percentage of total XP
 D = Non-vault monster count
 E = Vault monster count
 F = Vault count percentage of total count
                 A         B        C        D         E       F
            +---------+---------+-------+---------+---------+-------
      Total |      96 |       0 |   0.0 |      39 |       0 |   0.0
            +---------+---------+-------+---------+---------+-------
        D:1 |      34 |       0 |   0.0 |      19 |       0 |   0.0
        D:2 |      33 |       0 |   0.0 |      11 |       0 |   0.0
        D:3 |      29 |       0 |   0.0 |       9 |       0 |   0.0
            +---------+---------+-------+---------+---------+-------
